Map: Dusk Towers

Players

LilDicky - Winner!

  • Race: Terran Terran
  • League: Diamond

Aesto

  • Race: Protoss Protoss
  • League: Diamond

VOD

http://www.twitch.tv/tumescentpie

Description

Time

  • Played on: Dec. 31, 2015, 2:11 p.m.
  • Length: 6:06
Show
View Real Time Build Order
Export as new Build Order

LilDicky Terran - Winner!

Build Orders: MMM Bio 

Get SALT Encoding   

  12  0:05  SCV  
  13  0:17  SCV  
  14  0:27  Supply Depot  
  14  0:29  SCV  
  15  0:42  Refinery  
  15  0:48  SCV  
  16  0:51  Barracks  
  16  1:01  SCV  
  17  1:16  SCV  
  18  1:28  SCV  
  19  1:38  Marine  
  20  1:40  Supply Depot  
  20  1:44  Orbital Command  
  20  1:53  Factory  
  20  1:56  Marine  
  21  2:06  Barracks  
  21  2:10  Barracks  
  21  2:11  SCV, Refinery  
  22  2:24  Supply Depot, SCV  
  22  2:29  Barracks Reactor  
  23  2:36  SCV  
  24  2:49  SCV  
  25  2:56  Barracks Tech Lab  
  25  2:57  Barracks Tech Lab  
  25  2:58  Widow Mine  
  25  3:01  SCV  
  28  3:07  Marine x2  
  30  3:13  SCV  
  30  3:15  Marine x2  
  30  3:17  Stimpack  
  30  3:18  Combat Shields  
  32  3:24  Marine  
  32  3:25  SCV  
  34  3:28  Supply Depot, Marine  
  35  3:38  Marine  
  35  3:39  Marine  
  35  3:40  SCV  
  38  3:42  Marine  
  39  3:49  Marine  
  39  3:52  Starport  
  40  3:55  Supply Depot  
  40  3:59  Widow Mine  
  42  4:03  Marine x2  
  42  4:09  Marine  
  45  4:12  Marine  
  45  4:14  SCV  
  47  4:21  Marine  
  47  4:22  Marine  
  49  4:27  Marine  
  49  4:30  Marine  
  49  4:39  Medivac, Marine  
  49  4:40  Marine  
  49  4:45  Marine  
  52  4:48  Marine  
  53  4:55  Supply Depot  
  53  4:56  Marine  
  53  4:58  Marine  
  55  5:03  Marine  
  55  5:06  Marine  
  57  5:14  Marine  
  57  5:16  Marine  
  57  5:21  Marine  
  60  5:24  Marine  
  60  5:25  Bunker  
  61  5:32  Marine  
  61  5:34  Marine  
  63  5:38  Marine  
  63  5:41  Marine  
Show
View Real Time Build Order
Export as new Build Order

Aesto Protoss 

Build Orders: 1 Gate Expand 

Get SALT Encoding   

  12  0:01  Probe (Chrono Boost)  
  13  0:11  Probe (Chrono Boost)  
  14  0:22  Probe (Chrono Boost)  
  14  0:24  Pylon  
  15  0:34  Assimilator  
  15  0:42  Probe (Chrono Boost)  
  16  0:46  Gateway  
  16  0:53  Probe (Chrono Boost)  
  17  1:03  Probe (Chrono Boost)  
  18  1:14  Probe (Chrono Boost)  
  19  1:24  Probe (Chrono Boost)  
  20  1:27  Nexus  
  20  1:35  Probe (Chrono Boost)  
  21  1:41  Cybernetics Core  
  21  1:45  Probe (Chrono Boost)  
  22  1:53  Pylon  
  22  1:56  Probe (Chrono Boost)  
  23  2:11  Probe (Chrono Boost)  
  24  2:19  Warp Gate  
  24  2:22  Mothership Core (Chrono Boost)  
  26  2:34  Robotics Facility  
  26  2:40  Probe (Chrono Boost)  
  26  2:44  Gateway, Probe (Chrono Boost)  
  27  2:46  Gateway  
  27  2:51  Probe (Chrono Boost)  
  29  2:55  Probe (Chrono Boost)  
  30  3:01  Probe (Chrono Boost)  
  30  3:02  Adept  
  34  3:05  Probe (Chrono Boost)  
  34  3:08  Gateway  
  34  3:22  Probe x2 (Chrono Boost)  
  34  3:23  Warp Prism (Chrono Boost)  
  38  3:34  Probe  
  38  3:44  Adept x2  
  38  3:45  Adept  
  44  3:48  Probe  
  44  3:50  Probe  
  44  3:53  Assimilator  
  46  3:57  Assimilator  
  46  4:00  Pylon  
  46  4:17  Pylon  
  46  4:18  Adept  
  46  4:19  Observer (Chrono Boost)  
  43  4:40  Probe  
  43  4:41  Probe  
  45  4:52  Probe  
  45  4:53  Observer (Chrono Boost)  
  45  4:54  Probe  
  48  5:00  Adept x2  
  48  5:02  Zealot x2  
  48  5:03  Probe  
  48  5:06  Probe  
  58  5:26  Assimilator  
  58  5:35  Zealot x2  
  62  5:48  Pylon  
  62  5:49  Pylon  
  56  5:57  Adept x4  
Tags
 
Add a new tag
Caveats
  • Supply blocks, unpowered buildings, or Contaminate may cause inaccurate times.
  • Supply counts are checked every 10 seconds.